 Dungeon Crawl Stone Soup version 0.30-a0-12-gd8047c6341 (webtiles) character file.

Game seed: 6227918541313966547

743 Flugkiller the Chopper (level 7, -10/63 HPs)
             Began as a Minotaur Fighter on Aug 23, 2022.
             Was a Follower of Qazlal.
             Killed by divine providence
             ... invoked by an orc priest
              (11 damage)
             ... on level 5 of the Dungeon.
             The game lasted 00:01:48 (4015 turns).

Flugkiller the Chopper (Minotaur Fighter)           Turns: 4015, Time: 00:01:49

Health: -10/63     AC: 10    Str: 21    XL:     7   Next: 47%
Magic:  6/6        EV:  9    Int:  5    God:    Qazlal [*.....]
Gold:   186        SH:  6    Dex: 11    Spells: 6/6 levels left

rFire   . . .      SeeInvis .    a - +0 war axe
rCold   . . .      Faith    .    c - +0 buckler
rNeg    . . .      Spirit   .    b - +0 scale mail
rPois   .          Reflect  .    (helmet restricted)
rElec   .          Harm     .    k - +0 cloak
rCorr   .          Rampage  .    j - +0 pair of gloves {hurl}
Will    .....                    (no boots)
Stlth   ..........               (no amulet)
HPRegen 0.20/turn                (no ring)
MPRegen 0.10/turn                (no ring)

@: no status effects
A: horns 2, retaliatory headbutt
a: Renounce Religion


You were on level 5 of the Dungeon.
You worshipped Qazlal.
Qazlal was aware of your devotion.
You visited 2 branches of the dungeon, and saw 6 of its levels.

You collected 186 gold pieces.

Inventory:

Hand Weapons
 a - a +0 war axe (weapon)
Armour
 b - a +0 scale mail (worn)
 c - a +0 buckler (worn)
 j - a +0 pair of gloves of hurling (worn)
   (You found it on level 1 of the Dungeon)
 k - a +0 cloak (worn)
   (You found it on level 1 of the Dungeon)
Jewellery
 u - a ring of ice
   (You found it on level 3 of the Dungeon)
 B - an amulet of guardian spirit
   (You found it on level 4 of the Dungeon)
Scrolls
 e - 5 scrolls of teleportation {unknown}
 g - 3 scrolls of identify {unknown}
 l - 2 scrolls of poison {unknown}
 o - 2 scrolls of immolation {unknown}
 r - a scroll of magic mapping {unknown}
 s - a scroll of vulnerability {unknown}
 v - a scroll of enchant armour {unknown}
 y - a scroll of torment {unknown}
 z - a scroll of noise {unknown}
 A - a scroll of enchant weapon {unknown}
Potions
 d - 2 potions of might
 f - a potion of cancellation {unknown}
 h - 2 potions of lignification {unknown}
 i - a potion of degeneration {unknown}
 m - 2 potions of resistance {unknown}
 n - a potion of heal wounds {unknown}
 p - a potion of haste {unknown}
 q - a potion of berserk rage {unknown}
 t - 3 potions of ambrosia {unknown}
 w - a potion of brilliance {unknown}
 x - a potion of curing {unknown}


   Skills:
 + Level 6.1 Fighting
 * Level 7.5 Axes
 + Level 6.1 Armour
 - Level 3.6 Shields


You had 6 spell levels left.
You didn't know any spells.
Your spell library was empty.

Dungeon Overview and Level Annotations

Branches:
Dungeon (5/15)             Temple (1/1) D:4

Altars:
Ashenzari
Cheibriados
Dithmenos
Fedhas
Gozag
Hepliaklqana
Kikubaaqudgha
Makhleb
Nemelex Xobeh
Okawaru
Qazlal
Ru
Sif Muna
Trog
Uskayaw
Yredelemnul
Zin
The Shining One


Innate Abilities, Weirdness & Mutations

You have a pair of horns on your head.
You reflexively headbutt those who attack you in melee.


Message History

A scorpion is nearby!
You block the scorpion's attack.
You closely miss the scorpion.
You headbutt the scorpion, but do no damage.
The scorpion stings you but does no damage. x2
You hit the scorpion but do no damage. You headbutt the scorpion!
The scorpion is moderately wounded.
The scorpion stings you.
You are poisoned.
The scorpion poisons you!
You hit the scorpion.
The scorpion is severely wounded.
You feel very sick. The scorpion stings you.
You slash the scorpion!
You kill the scorpion!
Qazlal accepts your kill.
You feel very sick.
No target in view!
No target in view!
No target in view!
You feel sick.
You feel sick.
You feel sick.
You feel sick.
You feel sick.
You feel sick.
You feel sick.
You are no longer poisoned.
An orc comes into view. It is wielding a +0 whip.
An orc is nearby!
An orc is nearby!
An orc comes into view. It is wielding a +0 short sword.
You hit the orc.
The orc is moderately wounded.
The orc hits you but does no damage.
You slash the orc!
You kill the orc!
Qazlal accepts your kill.
An orc priest comes into view. It is wielding a +0 short sword.
The orc priest shouts!
The orc priest moves out of view.
Things that are here:
a +0 whip; a +0 leather armour; an orc corpse A black bear and an orc priest come into view.
The black bear growls angrily.
The orc priest shouts!
The orc hits you but does no damage.
You barely miss the orc. You block the orc's attack.
An orc warrior comes into view. It is wielding a +0 glaive.
The orc priest invokes the aid of Beogh against you.
Pain shoots through your body!
The orc warrior shouts!
You slash the orc!
You kill the orc!
Qazlal accepts your kill.
A white imp comes into view.
There are monsters nearby!
There are monsters nearby!
The orc priest hits you but does no damage.
The orc warrior unwields a +0 glaive.
The orc warrior wields a +0 arbalest.
The orc warrior shoots a bolt.
The bolt barely misses you.
You hit the orc priest.
You headbutt the orc priest, but do no damage.
The orc priest is lightly wounded.
You closely miss the orc priest.
The orc priest hits you with a +0 flail!
The orc priest looks braver for a moment.
You completely miss the orc priest. You hit the orc priest.
You hit the black bear. The black bear bites you. The black bear claws you.
You block the black bear's attack.
The orc priest hits you with a +0 flail.
The orc priest closely misses you. You furiously retaliate!
You headbutt the orc priest! You closely miss the orc priest.
You slash the black bear!
You hit the orc priest but do no damage.
The black bear bites you but does no damage.
The black bear barely misses you. The black bear closely misses you.
The orc priest calls down the wrath of Beogh upon you.
Pain shoots through your body!
The orc priest mumbles some strange prayers to Beogh against you.
Pain shoots through your body!
* * * LOW HITPOINT WARNING * * *
The orc warrior shoots a bolt.
The bolt closely misses you.
You hit the orc priest. Your headbutt misses the orc priest.
The orc priest is moderately wounded.
You hit the orc priest. You slash the black bear!
You kill the black bear!
Qazlal accepts your kill.
The orc priest is engulfed in blazing flames.
The orc priest closely misses you.
The orc priest hits you with a +0 short sword.
* * * LOW HITPOINT WARNING * * *
The orc warrior shoots a bolt.
The bolt hits you!
* * * LOW HITPOINT WARNING * * *
The orc priest is engulfed in blazing flames.
You kill the orc priest!
Qazlal accepts your kill.
The orc priest mumbles some strange prayers to Beogh against you.
Beogh smites you!
You die...

#......# #.......
#.[...†# #.......
#......########...##
#####.........#...##
#.........#....#
#.........#....#
#)........'....#
#########.........###'##
.....5○@.).##...........
......o.....#...........
......o.#...#...........
........#...#...........
........#...#...........
........#...##'#########
........#...##. #
#.....####### # #


You could see an orc warrior, an orc priest and a white imp.

Vanquished Creatures
  2 black bears (D:5)
  A necrophage (D:4)
  3 scorpions
  3 orc priests
  A jelly (D:5)
  2 hounds
  Ijyb (D:3)
  An orc wizard (D:4)
  Robin (D:2)
  4 gnolls (D:2)
  4 adders
  2 worms
  2 dart slugs
  18 orcs
  10 ball pythons
  3 endoplasms
  5 giant cockroaches
  17 goblins
  12 hobgoblins
  A quokka (D:1)
  8 bats
  5 frilled lizards
  6 kobolds
  5 rats
117 creatures vanquished.

Vanquished Creatures (others)
  A fungus (D:1)
1 creature vanquished.

Grand Total: 118 creatures vanquished

Notes
Turn   | Place    | Note
-------+----------+-------------------------------------------
     0 | D:1      | Flugkiller the Minotaur Fighter began the quest for the
                  | Orb.
     0 | D:1      | Reached XP level 1. HP: 19/19 MP: 0/0
   277 | D:1      | Reached XP level 2. HP: 27/27 MP: 1/1
   283 | D:1      | Reached skill level 3 in Axes
   530 | D:1      | Found a faded altar of an unknown god.
   922 | D:2      | Reached XP level 3. HP: 33/33 MP: 2/2
   950 | D:2      | Noticed Robin
   959 | D:2      | Killed Robin
   968 | D:2      | Reached skill level 4 in Axes
  1072 | D:2      | Reached XP level 4. HP: 35/40 MP: 3/3
  1912 | D:3      | Noticed Ijyb
  1931 | D:3      | Killed Ijyb
  1932 | D:3      | Reached XP level 5. HP: 22/47 MP: 4/4
  2270 | D:3      | Reached skill level 5 in Axes
  2766 | D:4      | Found a staircase to the Ecumenical Temple.
  2779 | Temple   | Entered the Ecumenical Temple
  2851 | Temple   | Became a worshipper of Qazlal Stormbringer
  3062 | D:4      | Reached skill level 5 in Fighting
  3062 | D:4      | Reached skill level 5 in Armour
  3070 | D:4      | Reached XP level 6. HP: 46/56 MP: 5/5
  3351 | D:4      | Reached skill level 6 in Axes
  3448 | D:4      | You fall into a shaft and drop 1 floor!
  3448 | D:5      | Entered Level 5 of the Dungeon
  3727 | D:5      | Reached XP level 7. HP: 51/61 MP: 6/6
  3882 | D:5      | Reached skill level 7 in Axes
  3969 | D:5      | Reached * piety under Qazlal
  4015 | D:5      | HP: 1/63 [orc warrior/bolt (13)]
  4015 | D:5      | Killed from afar by an orc priest

Illustrated notes

Levels and vault maps discovered:
D:1:      dpeg_arrival_stone_temple_mockup, layout_loops_ring,
          ebering_ecumenical_altar_webs, hex_tiny, minmay_strange_pillars,
          minmay_misc_feat_room, dreamdust_mushroom_princess,
          minmay_pentomino_x4
D:2:      layout_basic, fountainhead, grunt_ministairs_13, uniq_robin
D:3:      layout_basic, uniq_ijyb
D:4:      layout_loops_ring, minmay_temple_entry_stoned_glass,
          gammafunk_ghost_icy
D:5:      layout_gridville
Temple:   compressed_dpeg_circular_temple

Skill      XL: |  1  2  3  4  5  6  7 |
---------------+----------------------+-----
Axes           | 3 4 5 6 7 |  7.5
Fighting       | 4 5 6 |  6.1
Armour         | 4 5 6 |  6.1
Shields        | |  3.6

Action                   |  1- 3 |  4- 6 |  7- 9 || total
-------------------------+-------+-------+-------++-------
Melee: War axe           |    66 |   158 |    24 ||   248
       Headbutt          |    11 |    12 |     5 ||    28
Armor: Scale mail        |    47 |    78 |    14 ||   139
Dodge: Dodged            |    40 |    81 |    12 ||   133
Block: Buckler           |    28 |    43 |     5 ||    76

Table legend: (Time is in decaauts)
 A = Elapsed time spent in this place.
 B = Non-inter-level travel time spent in this place.
 C = Inter-level travel time spent in this place.
 D = Time resting spent in this place.
 E = Time spent auto-exploring this place.
 F = Levels seen in this place.
 G = Mean time per level.
                   A        B        C        D        E       F      G
               +--------+--------+--------+--------+--------+-----+--------+
         Total |   4089 |   4024 |     65 |     99 |   3242 |   6 |  681.5 |
       Dungeon |   4004 |   3950 |     54 |     99 |   3193 |   5 |  800.8 |
        Temple |     84 |     73 |     11 |      0 |     49 |   1 |   84.0 |
               +--------+--------+--------+--------+--------+-----+--------+

Top non-repeatable levels by time:
     D:2: 1017 daAuts
     D:1: 930 daAuts
     D:3: 865 daAuts
     D:4: 619 daAuts
     D:5: 572 daAuts
  Temple: 84 daAuts
